AoeStats
← Alberto

Arena

508546163Analyzed
1v1 RM · 9d ago on Sep 23, 2026· 40m 55s· 2 players
Game mode
Random Map
Map size
Tiny (2 player)
Population
200
Speed
Normal
Resources
Standard
Victory
Conquest
Starting age
Dark Age
Ending age
Imperial Age
RankedLock teamsTeams togetherTeam positionsShared explorationLock speedFull tech treeHidden civsTurbo modeCheats
Victory
Defeat
🇪🇸 Turks · Spain
743
+16
🇧🇷 Danes · Brazil
750
-16
Alberto
10:43 Feudal Age
11:34 Double-Bit Axe
11:37 Horse Collar
11:49 Gold Mining
15:18 Wheelbarrow
15:44 Wheelbarrow
19:52 Castle Age
18:00 Stone Mining
23:44 Hand Cart
24:08 Gold Shaft Mining
27:54 Imperial Age
27:02 Heavy Plow
27:25 Bow Saw
30:28 Elite Janissary
32:13 Padded Archer Armor
36:22 Ballistics
37:16 Leather Archer Armor
39:29 Ring Archer Armor
Rubenius
1:08 Loom
11:33 Feudal Age
12:48 Town Watch
13:38 Wheelbarrow
14:32 Double-Bit Axe
15:15 Horse Collar
15:35 Arson
19:01 Gold Mining
25:41 Castle Age
26:55 Gambesons
27:11 Squires
26:38 Pikeman
32:01 Imperial Age
35:55 Heavy Plow
37:16 Thumb Ring
36:35 Cranequins
40:05 Elite Skirmisher
Connection lost

Rejoining the realm…

Still unreachable

The connection could not be restored.

Session expired

The server has moved on; the page needs a fresh start.